TOP OF THE 1ST |
Chicago Machine batting - Pitching for Vista Panthers : RHP Paco Canpos
|
Pitching: RHP Paco Canpos
|
|
Batting: LHB Fernando Ortíz
|
0-0: DOUBLE (Line Drive, 8RXD)
|
Batting: SHB Edward Bartlett
|
0-0: Called Strike 0-1: Ball 1-1: Foul Ball, location: 2F 1-2: Ball 2-2: Ball 3-2: Strikes out swinging
|
Batting: SHB José Alomar
|
0-0: Ball 1-0: Called Strike 1-1: Ball 2-1: Called Strike 2-2: Ball 3-2: Ground out U3 (Groundball, 3) Fernando Ortíz to third
|
Batting: LHB Kiyonaga Morita
|
0-0: Ball 1-0: Ball 2-0: Ball 3-0: Base on Balls
|
Batting: RHB Matt Doyle
|
0-0: Ball 1-0: Ball 2-0: Fly out, F9 (Flyball, 9)
|
Top of the 1st over - 0 run(s), 1 hit(s), 0 error(s), 2 left on base; Chicago 0 - Vista 0 |
BOTTOM OF THE 1ST |
Vista Panthers batting - Pitching for Chicago Machine : RHP Aaron Thrash
|
Pitching: RHP Aaron Thrash
|
|
Batting: LHB Bob Cunningham
|
0-0: Ball 1-0: Foul Ball, location: 2F 1-1: SINGLE (Flyball, 8RS)
|
Batting: LHB Patrick Osborne
|
0-0: Called Strike 0-1: Ball 1-1: Ball 2-1: Ball 3-1: Base on Balls Bob Cunningham to second
|
Batting: LHB Brent Alonzo
|
0-0: Ball 1-0: Ball 2-0: Ball 3-0: Called Strike 3-1: Base on Balls Bob Cunningham to third Patrick Osborne to second
|
Batting: SHB Mark Wells
|
0-0: Swinging Strike 0-1: SINGLE (Line Drive, 34D) Bob Cunningham scores Patrick Osborne to third Brent Alonzo to second Runner from 3rd tries for Home, SAFE, throw made home Brent Alonzo to third Mark Wells to second
|
Batting: RHB Phil Matthews
|
0-0: Called Strike 0-1: Ball 1-1: Ball 2-1: Foul Ball, location: 2F 2-2: Strikes out swinging
|
Batting: LHB Francisco Marino
|
0-0: Ball 1-0: Swinging Strike 1-1: Foul Ball, location: 2F 1-2: Ball 2-2: Ball 3-2: Fly out, F9 (Line Drive, 9) Runner from 3rd tags up, SCORES, no throw
|
Batting: RHB Justin Burgess
|
0-0: Called Strike 0-1: Called Strike 0-2: Strikes out swinging
|
Bottom of the 1st over - 3 run(s), 2 hit(s), 0 error(s), 1 left on base; Chicago 0 - Vista 3 |
TOP OF THE 2ND |
Chicago Machine batting - Pitching for Vista Panthers : RHP Paco Canpos
|
Batting: SHB Joaquín López
|
0-0: Foul Ball, location: 2F 0-1: Ball 1-1: Swinging Strike 1-2: SINGLE (Line Drive, 89S)
|
Batting: LHB Eric Wheeler
|
0-0: Foul Ball, location: 2F 0-1: Ball 1-1: Hit by Pitch Joaquín López to second
|
Batting: RHB Lorenzo Guzmán
|
0-0: Foul Ball, location: 2F 0-1: Swinging Strike 0-2: SINGLE (Flyball, 8RS) Joaquín López to third Eric Wheeler to second Runner from 3rd tries for Home, SAFE, no throw
|
Batting: SHB Jesús Ramírez
|
0-0: Called Strike 0-1: Foul Ball, location: 2F 0-2: Ball 1-2: Foul Ball, location: 2F 1-2: Foul Ball, location: 2F 1-2: Strikes out swinging
|
Batting: LHB Fernando Ortíz
|
0-0: Foul Ball, location: 2F 0-1: Fielders Choice at 2nd, 1-6 (Groundball, 13) Eric Wheeler to third
|
Batting: SHB Edward Bartlett
|
0-0: Called Strike 0-1: Ball 1-1: Ball 2-1: Fly out, F7 (Flyball, 78M)
|
Top of the 2nd over - 1 run(s), 2 hit(s), 0 error(s), 2 left on base; Chicago 1 - Vista 3 |
BOTTOM OF THE 2ND |
Vista Panthers batting - Pitching for Chicago Machine : RHP Aaron Thrash
|
Batting: RHB Roberto Cruz
|
0-0: Swinging Strike 0-1: Swinging Strike 0-2: Strikes out swinging
|
Batting: RHB Cisco Gatán
|
0-0: Ball 1-0: SINGLE (Line Drive, 5D)
|
Batting: LHB Bob Cunningham
|
0-0: Called Strike 0-1: Ball 1-1: Ball 2-1: Swinging Strike 2-2: Fly out, F4 (Popup, 3D)
|
Batting: LHB Patrick Osborne
|
0-0: Swinging Strike 0-1: Ball 1-1: Foul Ball, location: 2F 1-2: Ball 2-2: Foul Ball, location: 2F 2-2: Ball 3-2: Strikes out swinging, 2-3 out at first.
|
Bottom of the 2nd over - 0 run(s), 1 hit(s), 0 error(s), 1 left on base; Chicago 1 - Vista 3 |
TOP OF THE 3RD |
Chicago Machine batting - Pitching for Vista Panthers : RHP Paco Canpos
|
Batting: SHB José Alomar
|
0-0: Called Strike 0-1: Ball 1-1: Called Strike 1-2: Foul Ball, location: 2F 1-2: Foul Ball, location: 2F 1-2: Strikes out looking
|
Batting: LHB Kiyonaga Morita
|
0-0: Ground out U3 (Groundball, 3)
|
Batting: RHB Matt Doyle
|
0-0: Called Strike 0-1: Foul Ball, location: 2F 0-2: Strikes out looking
|
Top of the 3rd over - 0 run(s), 0 hit(s), 0 error(s), 0 left on base; Chicago 1 - Vista 3 |
BOTTOM OF THE 3RD |
Vista Panthers batting - Pitching for Chicago Machine : RHP Aaron Thrash
|
Batting: LHB Brent Alonzo
|
0-0: Ball 1-0: Called Strike 1-1: Foul Ball, location: 2F 1-2: Fly out, F7 (Line Drive, 78M)
|
Batting: SHB Mark Wells
|
0-0: Ground out U3 (Groundball, 34)
|
Batting: RHB Phil Matthews
|
0-0: Ball 1-0: Ball 2-0: Called Strike 2-1: Ground out 5-3 (Groundball, 56)
|
Bottom of the 3rd over - 0 run(s), 0 hit(s), 0 error(s), 0 left on base; Chicago 1 - Vista 3 |
TOP OF THE 4TH |
Chicago Machine batting - Pitching for Vista Panthers : RHP Paco Canpos
|
Batting: SHB Joaquín López
|
0-0: Ball 1-0: Swinging Strike 1-1: Ground out U3 (Groundball, 34)
|
Batting: LHB Eric Wheeler
|
0-0: Ball 1-0: Ground out U3 (Groundball, 34)
|
Batting: RHB Lorenzo Guzmán
|
0-0: Ball 1-0: Fly out, F9 (Flyball, 89M)
|
Top of the 4th over - 0 run(s), 0 hit(s), 0 error(s), 0 left on base; Chicago 1 - Vista 3 |
BOTTOM OF THE 4TH |
Vista Panthers batting - Pitching for Chicago Machine : RHP Aaron Thrash
|
Batting: LHB Francisco Marino
|
0-0: Ball 1-0: Ball 2-0: Ball 3-0: Base on Balls
|
Batting: RHB Justin Burgess
|
0-0: Ball Francisco Marino is caught stealing 2nd base 1-0: Foul Ball, location: 2F 1-1: Swinging Strike 1-2: Ball 2-2: Strikes out looking
|
Batting: RHB Roberto Cruz
|
0-0: Called Strike 0-1: Ball 1-1: Ground out 4-3 (Groundball, 4)
|
Bottom of the 4th over - 0 run(s), 0 hit(s), 0 error(s), 0 left on base; Chicago 1 - Vista 3 |
TOP OF THE 5TH |
Chicago Machine batting - Pitching for Vista Panthers : RHP Paco Canpos
|
Batting: SHB Jesús Ramírez
|
0-0: Ball 1-0: Ball 2-0: Swinging Strike 2-1: Ball 3-1: Base on Balls
|
Batting: LHB Fernando Ortíz
|
0-0: Called Strike 0-1: Ball 1-1: Ball 2-1: Foul Ball, location: 2F 2-2: Hit by Pitch Jesús Ramírez to second
|
Batting: SHB Edward Bartlett
|
0-0: Fielders Choice at 2nd, 1-4 (Groundball, 15) Jesús Ramírez to third
|
Batting: SHB José Alomar
|
0-0: Ball Edward Bartlett steals 2nd base 1-0: Ball 2-0: Foul Ball, location: 2F 2-1: Foul Ball, location: 2F 2-2: Ball 3-2: Strikes out looking
|
Batting: LHB Kiyonaga Morita
|
0-0: Ground out 4-3 (Groundball, 4M)
|
Top of the 5th over - 0 run(s), 0 hit(s), 0 error(s), 2 left on base; Chicago 1 - Vista 3 |
BOTTOM OF THE 5TH |
Vista Panthers batting - Pitching for Chicago Machine : RHP Aaron Thrash
|
Batting: RHB Cisco Gatán
|
0-0: Called Strike 0-1: Ball 1-1: Ball 2-1: Ball 3-1: Base on Balls
|
Batting: LHB Bob Cunningham
|
0-0: Ball 1-0: Called Strike 1-1: SINGLE (Flyball, 8RS) Cisco Gatán to second Runner from 2nd tries for 3rd, SAFE, throw made to third
|
Batting: LHB Patrick Osborne
|
0-0: Hit by Pitch Bob Cunningham to second
|
Batting: LHB Brent Alonzo
|
0-0: Called Strike 0-1: Called Strike 0-2: Ball 1-2: Fly out, F8 (Flyball, 78XD) Runner from 3rd tags up, SCORES, no throw
|
Batting: SHB Mark Wells
|
0-0: Ball 1-0: Called Strike 1-1: Called Strike 1-2: Foul Ball, location: 2F 1-2: Foul Ball, location: 2F 1-2: Fly out, F4 (Popup, 34)
|
Batting: RHB Phil Matthews
|
0-0: Ball 1-0: Ball 2-0: Ball 3-0: Base on Balls Bob Cunningham to third Patrick Osborne to second
|
Batting: LHB Francisco Marino
|
0-0: Called Strike 0-1: Ball 1-1: Ball 2-1: TRIPLE (Line Drive, 9LM) Bob Cunningham scores Patrick Osborne scores Phil Matthews scores
|
Pitching: RHP Zózimo Pascoal
|
|
Batting: RHB Justin Burgess
|
0-0: Ball 1-0: DOUBLE (Line Drive, 9D) Francisco Marino scores
|
Batting: RHB Roberto Cruz
|
0-0: Foul Ball, location: 2F 0-1: Ball 1-1: Foul Ball, location: 2F 1-2: Ball 2-2: Foul Ball, location: 2F 2-2: Ball 3-2: Base on Balls
|
Batting: RHB Cisco Gatán
|
0-0: Foul Ball, location: 2F 0-1: SINGLE (Groundball, 56D) Justin Burgess to third Roberto Cruz to second Runner from 3rd tries for Home, SAFE, no throw
|
Batting: LHB Bob Cunningham
|
0-0: Called Strike 0-1: Foul Ball, location: 2F 0-2: Ball 1-2: Ball 2-2: Ball 3-2: Base on Balls Roberto Cruz to third Cisco Gatán to second
|
Batting: LHB Patrick Osborne
|
0-0: Foul Ball, location: 2F 0-1: SINGLE (Groundball, 4D) Roberto Cruz scores Cisco Gatán to third Bob Cunningham to second Runner from 3rd tries for Home, SAFE, no throw
|
Batting: LHB Brent Alonzo
|
0-0: Foul Ball, location: 2F 0-1: Ball 1-1: Ball 2-1: Ball 3-1: Base on Balls Bob Cunningham to third Patrick Osborne to second
|
Batting: SHB Mark Wells
|
0-0: Ball 1-0: Ball 2-0: Fly out, F7 (Line Drive, 7S)
|
Bottom of the 5th over - 8 run(s), 5 hit(s), 0 error(s), 3 left on base; Chicago 1 - Vista 11 |
TOP OF THE 6TH |
Chicago Machine batting - Pitching for Vista Panthers : RHP Paco Canpos
|
Batting: RHB Matt Doyle
|
0-0: Ball 1-0: Called Strike 1-1: Foul Ball, location: 2F 1-2: Ball 2-2: Strikes out swinging
|
Batting: SHB Joaquín López
|
0-0: Ball 1-0: Ball 2-0: Swinging Strike 2-1: Fly out, F4 (Popup, 4)
|
Batting: LHB Eric Wheeler
|
0-0: Foul Ball, location: 2F 0-1: Ball 1-1: Foul Ball, location: 2F 1-2: Ground out 4-3 (Groundball, 4)
|
Top of the 6th over - 0 run(s), 0 hit(s), 0 error(s), 0 left on base; Chicago 1 - Vista 11 |
BOTTOM OF THE 6TH |
Vista Panthers batting - Pitching for Chicago Machine : RHP Zózimo Pascoal
|
Batting: RHB Phil Matthews
|
0-0: Foul Ball, location: 2F 0-1: Swinging Strike 0-2: Ground out 1-3 (Groundball, 13S)
|
Batting: LHB Francisco Marino
|
0-0: Foul Ball, location: 2F 0-1: Ball 1-1: Ball 2-1: Swinging Strike 2-2: Strikes out swinging
|
Batting: RHB Justin Burgess
|
0-0: Ground out 5-3 (Groundball, 5)
|
Bottom of the 6th over - 0 run(s), 0 hit(s), 0 error(s), 0 left on base; Chicago 1 - Vista 11 |
TOP OF THE 7TH |
Chicago Machine batting - Pitching for Vista Panthers : RHP Paco Canpos
|
Pitching: RHP Doug Singleton
|
|
Batting: RHB Lorenzo Guzmán
|
0-0: Ball 1-0: Called Strike 1-1: Ball 2-1: Foul Ball, location: 2F 2-2: Foul Ball, location: 2F 2-2: Ball 3-2: Ground out 4-3 (Groundball, 4)
|
Batting: SHB Jesús Ramírez
|
0-0: Called Strike 0-1: Ball 1-1: Called Strike 1-2: Ball 2-2: Foul Ball, location: 2F 2-2: Strikes out swinging
|
Batting: LHB Fernando Ortíz
|
0-0: Foul Ball, location: 2F 0-1: Foul Ball, location: 2F 0-2: Ball 1-2: Ground out 4-3 (Groundball, 34)
|
Top of the 7th over - 0 run(s), 0 hit(s), 0 error(s), 0 left on base; Chicago 1 - Vista 11 |
BOTTOM OF THE 7TH |
Vista Panthers batting - Pitching for Chicago Machine : RHP Zózimo Pascoal
|
Pitching: RHP Raúl Ruíz
|
|
Batting: RHB Roberto Cruz
|
0-0: SINGLE (Groundball, 56D)
|
Batting: RHB Cisco Gatán
|
0-0: Foul Ball, location: 2F 0-1: Ball 1-1: Foul Ball, location: 2F 1-2: Ball 2-2: Ball 3-2: Base on Balls Roberto Cruz to second
|
Batting: LHB Bob Cunningham
|
0-0: Called Strike 0-1: Ball 1-1: Grounds into double play, 4-6-3 (Groundball, 34) Roberto Cruz to third
|
Batting: LHB Patrick Osborne
|
0-0: Ball 1-0: Called Strike 1-1: Ground out 3-1 (Groundball, 34)
|
Bottom of the 7th over - 0 run(s), 1 hit(s), 0 error(s), 1 left on base; Chicago 1 - Vista 11 |
TOP OF THE 8TH |
Chicago Machine batting - Pitching for Vista Panthers : RHP Doug Singleton
|
Batting: SHB Edward Bartlett
|
0-0: SINGLE (Line Drive, 78M)
|
Batting: SHB José Alomar
|
0-0: Fly out, F9 (Flyball, 9S)
|
Batting: LHB Kiyonaga Morita
|
0-0: Ball 1-0: 2-RUN HOME RUN (Flyball, 89XD), Distance : 426 ft
|
Batting: RHB Matt Doyle
|
0-0: Ball 1-0: Foul Ball, location: 2F 1-1: Ball 2-1: Foul Ball, location: 2F 2-2: SOLO HOME RUN (Flyball, 7LD), Distance : 416 ft
|
Pitching: RHP António López
|
|
Batting: SHB Joaquín López
|
0-0: Ball 1-0: SINGLE (Line Drive, 6D)
|
Batting: LHB Eric Wheeler
|
0-0: Foul Ball, location: 2F 0-1: Called Strike 0-2: Strikes out looking
|
Batting: RHB Lorenzo Guzmán
|
0-0: Ball 1-0: Swinging Strike 1-1: Ball 2-1: Called Strike 2-2: Foul Ball, location: 2F 2-2: Foul Ball, location: 2F 2-2: Foul Ball, location: 2F 2-2: Fly out, F4 (Line Drive, 4M)
|
Top of the 8th over - 3 run(s), 4 hit(s), 0 error(s), 1 left on base; Chicago 4 - Vista 11 |
BOTTOM OF THE 8TH |
Vista Panthers batting - Pitching for Chicago Machine : RHP Raúl Ruíz
|
Batting: LHB Brent Alonzo
|
0-0: Ball 1-0: Ball 2-0: Called Strike 2-1: Ground out 4-3 (Groundball, 34)
|
Batting: SHB Mark Wells
|
0-0: Fly out, F4 (Line Drive, 4)
|
Batting: RHB Phil Matthews
|
0-0: Called Strike 0-1: DOUBLE (Line Drive, 9LM)
|
Batting: LHB Francisco Marino
|
0-0: Ball 1-0: Called Strike 1-1: Hit by Pitch
|
Batting: RHB Justin Burgess
|
0-0: Ball Wild Pitch! Phil Matthews to third Francisco Marino to second 1-0: Ground out 3-1 (Groundball, 34)
|
Bottom of the 8th over - 0 run(s), 1 hit(s), 0 error(s), 2 left on base; Chicago 4 - Vista 11 |
TOP OF THE 9TH |
Chicago Machine batting - Pitching for Vista Panthers : RHP António López
|
Batting: SHB Jesús Ramírez
|
0-0: Foul Ball, location: 2F 0-1: SINGLE (Groundball, 4D)
|
Batting: LHB Fernando Ortíz
|
0-0: Called Strike 0-1: Ball 1-1: Called Strike 1-2: Fly out, F8 (Flyball, 8RM)
|
Batting: SHB Edward Bartlett
|
0-0: Ball 1-0: Fielders Choice at 2nd, 4-6 (Groundball, 4M)
|
Batting: SHB José Alomar
|
0-0: Ball 1-0: Ball 2-0: Called Strike 2-1: Swinging Strike 2-2: Strikes out looking
|
Top of the 9th over - 0 run(s), 1 hit(s), 0 error(s), 1 left on base; Chicago 4 - Vista 11 |
|